cohdb
Replays
Latest Replays
All Replays
Popular Replays
Top Player Replays
Match Explorer
How It Works
Community
CoH3 Stats
Reddit
Sign in to upload your games and track your stats! →
Sign in with Steam
Match 47187757
Unlisted
Match 47187757
Overview
Messages
Build Orders
End
Construct Barracks
Riflemen Squad
Riflemen Squad
Construct Weapon Support Center
Grenade Package
Bazooka Squad
Construct Medical Station
M1919 Machine Gun Team
M1 Mortar Team
Mechanized Support Center
M3 Armored Personnel Carrier
Sniper
Scout Squad
Construct Motor Pool
M1918 Browning Automatic Rifles
Designate Forward Repair Station
M1 Anti-tank Gun Team
M1 Anti-tank Gun Team
Riflemen Squad
Riflemen Squad
M1919 Machine Gun Team
Scout Squad
Construct Tank Depot
Bazooka Squad
Bazooka Squad
Traanquheal
niteusz
TheCreepy
Ygt
nathannecro
White Raven
upomoc
Frenzy
0
0
Comments
sign in to comment!
No comments posted yet!